[ AOE2 MATCH · #470565707 ]
Team RMBohemians vs Slavs
[ REPLAY ANALYSIS · EXTRACTED FROM THE RECORDED GAME ]
Feudal
22:21
Castle
43:47
Imperial
—
| APM avg | 10.2 |
| APM peak | 26 |
| eAPM avg | 5.8 |
| Villagers / military | 25 / 24 |
Focus
⚔️ 22.8% · 🌾 77.2%
Archer ×10 · Militia ×10 · Spearman ×4
Feudal
—
Castle
—
Imperial
—
| APM avg | 0.1 |
| APM peak | 3 |
| eAPM avg | 0.1 |
| Villagers / military | 0 / 0 |
Feudal
—
Castle
—
Imperial
—
| APM avg | 0.4 |
| APM peak | 18 |
| eAPM avg | 0.2 |
| Villagers / military | 0 / 0 |
Focus
⚔️ 0.0% · 🌾 100.0%
Feudal
—
Castle
—
Imperial
—
| APM avg | 0.2 |
| APM peak | 9 |
| eAPM avg | 0.2 |
| Villagers / military | 0 / 0 |
Feudal
16:50
Castle
35:32
Imperial
—
| APM avg | 7.3 |
| APM peak | 16 |
| eAPM avg | 3.9 |
| Villagers / military | 35 / 22 |
Focus
⚔️ 26.2% · 🌾 73.8%
Scout Cavalry ×22
Feudal
—
Castle
—
Imperial
—
| APM avg | 31.9 |
| APM peak | 134 |
| eAPM avg | 29.4 |
| Villagers / military | 68 / 51 |
Focus
⚔️ 6.9% · 🌾 93.1%
Leitis ×45 · Scout Cavalry ×4 · Monk ×2
Feudal
—
Castle
—
Imperial
—
| APM avg | 0.1 |
| APM peak | 3 |
| eAPM avg | 0.1 |
| Villagers / military | 0 / 0 |
Feudal
16:20
Castle
26:35
Imperial
—
| APM avg | 12.8 |
| APM peak | 24 |
| eAPM avg | 5.4 |
| Villagers / military | 54 / 47 |
Focus
⚔️ 22.3% · 🌾 77.7%
Knight ×43 · Trade Cart ×4 · Monk ×2 · Scout Cavalry ×2
Match map
Initial resources + every placement click. Lines = walls · curves = elevation contours. ◆ gold · ⬟ stone · ● berries · ✦ relic · ◌ wall gap
Your base· Open — unwalled flank
wanna find pro to play as a team's base· Open — unwalled flank
FLO57's base· Open — 10t gap
mace.windu1310's base· Open — 14t gap
julien315550's base· Open — unwalled flank
WARLORD ID1's base· Open — 12t gap
NAPOLEON1096's base· Open — unwalled flank
Vili-Pekka's base· Open — unwalled flank
Smoothed initial terrain · ◌ = detected wall gap · hover for details
Inputs per minute
— Lukrat - - wanna find pro to play as a team
Build order — Lukrat
107 actions detected in the replay
| 3:45 | Build | Town Center |
| 7:29 | Create | Villager (Male) |
| 7:29 | Create | Villager (Male) |
| 7:29 | Create | Villager (Male) |
| 7:30 | Create | Villager (Male) |
| 7:49 | Build | House |
| 8:29 | Build | House |
| 8:55 | Build | House |
| 9:41 | Build | House |
| 9:52 | Create | Villager (Male) |
| 9:53 | Research | Loom |
| 11:29 | Create | Villager (Male) |
| 11:29 | Create | Villager (Male) |
| 11:29 | Create | Villager (Male) |
| 11:30 | Create | Villager (Male) |
| 11:30 | Create | Villager (Male) |
| 13:09 | Create | Villager (Male) |
| 13:10 | Create | Villager (Male) |
| 13:10 | Create | Villager (Male) |
| 13:10 | Create | Villager (Male) |
| 14:55 | Create | Villager (Male) |
| 14:57 | Create | Villager (Male) |
| 15:45 | Create | Villager (Male) |
| 17:11 | Create | Villager (Male) |
| 17:11 | Create | Villager (Male) |
| 17:11 | Create | Villager (Male) |
| 17:45 | Build | Mining Camp |
| 18:50 | Build | Barracks |
| 19:09 | Build | Lumber Camp |
| 19:17 | Create | Villager (Male) |
| 20:02 | Build | Mining Camp |
| 20:11 | Research | Feudal Age |
| 20:28 | Create | Militia |
| 20:30 | Create | Militia |
| 20:30 | Create | Militia |
| 20:32 | Create | Militia |
| 20:59 | Build | House |
| 21:32 | Build | House |
| 21:38 | Build | House |
| 22:00 | Build | Mill |
| 22:21 | Age | Feudal Age |
| 22:27 | Build | Watch Tower |
| 23:08 | Build | Watch Tower |
| 23:36 | Build | Archery Range |
| 23:43 | Research | Wheelbarrow |
| 23:44 | Create | Villager (Male) |
| 23:45 | Create | Villager (Male) |
| 23:45 | Create | Villager (Male) |
| 23:46 | Create | Villager (Male) |
| 23:48 | Research | Double-Bit Axe |
| 23:51 | Research | Horse Collar |
| 24:39 | Research | Man-at-Arms (upgrade) |
| 24:56 | Build | Blacksmith |
| 25:36 | Build | Farm |
| 25:38 | Build | Farm |
| 25:39 | Build | Farm |
| 25:41 | Build | Farm |
| 25:42 | Build | Farm |
| 26:17 | Create | Militia |
| 26:33 | Build | Market |
| 27:17 | Research | Fletching |
| 28:09 | Create | Militia |
| 28:09 | Create | Militia |
| 28:09 | Create | Militia |
| 28:10 | Create | Militia |
| 28:11 | Create | Militia |
| 28:24 | Create | Archer |
| 28:24 | Create | Archer |
| 28:25 | Create | Archer |
| 28:27 | Create | Archer |
| 28:55 | Create | Archer |
| 29:07 | Research | Arson |
| 30:08 | Research | Padded Archer Armor |
| 30:10 | Research | Scale Mail Armor |
| 31:42 | Build | Gate |
| 31:48 | Build | Watch Tower |
| 32:18 | Research | Forging |
| 32:23 | Create | Archer |
| 32:23 | Create | Archer |
| 32:23 | Create | Archer |
| 32:24 | Create | Archer |
| 32:25 | Create | Archer |
| 32:31 | Create | Spearman |
| 32:31 | Create | Spearman |
| 32:32 | Create | Spearman |
| 32:32 | Create | Spearman |
| 33:20 | Build | Farm |
| 33:21 | Build | Farm |
| 33:24 | Build | Farm |
| 33:28 | Build | Farm |
| 33:30 | Build | Farm |
| 39:26 | Build | Outpost |
| 39:27 | Build | Outpost |
| 39:29 | Build | Outpost |
| 39:30 | Build | Outpost |
| 39:32 | Build | Outpost |
| 39:35 | Build | Outpost |
| 39:40 | Build | Outpost |
| 39:41 | Build | Outpost |
| 39:45 | Build | Outpost |
| 39:46 | Build | Outpost |
| 39:47 | Build | Outpost |
| 39:49 | Build | Outpost |
| 39:51 | Build | Outpost |
| 40:10 | Research | Town Watch |
| 41:07 | Research | Castle Age |
| 43:47 | Age | Castle Age |
Build order — wanna find pro to play as a team
0 actions detected in the replay
Build order — FLO57
1 actions detected in the replay
| 0:26 | Build | House |
Build order — mace.windu1310
0 actions detected in the replay
Build order — julien315550
105 actions detected in the replay
| 2:48 | Build | Town Center |
| 5:06 | Create | Villager (Male) |
| 5:07 | Create | Villager (Male) |
| 5:07 | Create | Villager (Male) |
| 5:07 | Create | Villager (Male) |
| 5:08 | Create | Villager (Male) |
| 5:08 | Create | Villager (Male) |
| 5:09 | Research | Loom |
| 5:16 | Build | House |
| 5:20 | Build | House |
| 5:24 | Build | House |
| 5:29 | Build | House |
| 6:16 | Create | Villager (Male) |
| 7:18 | Create | Villager (Male) |
| 7:49 | Create | Villager (Male) |
| 7:49 | Create | Villager (Male) |
| 7:50 | Create | Villager (Male) |
| 7:50 | Create | Villager (Male) |
| 9:22 | Create | Villager (Male) |
| 9:22 | Create | Villager (Male) |
| 9:23 | Create | Villager (Male) |
| 9:23 | Create | Villager (Male) |
| 9:23 | Create | Villager (Male) |
| 9:23 | Create | Villager (Male) |
| 10:29 | Create | Villager (Male) |
| 10:29 | Create | Villager (Male) |
| 10:29 | Create | Villager (Male) |
| 10:30 | Create | Villager (Male) |
| 10:30 | Create | Villager (Male) |
| 11:14 | Build | Lumber Camp |
| 12:09 | Build | Mill |
| 14:40 | Research | Feudal Age |
| 15:19 | Build | Barracks |
| 15:44 | Build | House |
| 15:48 | Build | House |
| 15:51 | Build | House |
| 15:54 | Build | House |
| 15:58 | Build | House |
| 16:26 | Build | Mining Camp |
| 16:50 | Age | Feudal Age |
| 17:00 | Research | Wheelbarrow |
| 17:03 | Research | Double-Bit Axe |
| 17:06 | Research | Horse Collar |
| 17:32 | Create | Villager (Male) |
| 17:32 | Create | Villager (Male) |
| 17:42 | Build | Farm |
| 17:47 | Build | Farm |
| 17:53 | Build | Farm |
| 17:59 | Build | Farm |
| 18:07 | Build | Farm |
| 18:12 | Build | Farm |
| 18:18 | Build | Farm |
| 18:44 | Build | Watch Tower |
| 19:03 | Create | Villager (Male) |
| 19:25 | Create | Villager (Male) |
| 19:26 | Create | Villager (Male) |
| 19:39 | Build | Farm |
| 19:47 | Create | Villager (Male) |
| 19:47 | Create | Villager (Male) |
| 20:31 | Build | Farm |
| 20:56 | Build | Stable |
| 21:01 | Build | Stable |
| 21:12 | Create | Villager (Male) |
| 21:15 | Create | Villager (Male) |
| 21:21 | Build | Farm |
| 21:34 | Build | Farm |
| 21:41 | Build | Farm |
| 21:47 | Build | Farm |
| 22:01 | Build | Watch Tower |
| 22:21 | Research | Bloodlines |
| 22:56 | Create | Villager (Male) |
| 23:10 | Build | Stable |
| 23:35 | Create | Scout Cavalry |
| 23:36 | Create | Scout Cavalry |
| 24:11 | Create | Scout Cavalry |
| 24:11 | Create | Scout Cavalry |
| 24:11 | Create | Scout Cavalry |
| 24:12 | Create | Scout Cavalry |
| 24:12 | Create | Scout Cavalry |
| 24:12 | Create | Scout Cavalry |
| 24:26 | Build | Stable |
| 26:30 | Create | Scout Cavalry |
| 26:31 | Create | Scout Cavalry |
| 26:31 | Create | Scout Cavalry |
| 26:31 | Create | Scout Cavalry |
| 26:31 | Create | Scout Cavalry |
| 26:43 | Build | Blacksmith |
| 27:03 | Create | Scout Cavalry |
| 27:03 | Create | Scout Cavalry |
| 27:04 | Create | Scout Cavalry |
| 27:44 | Research | Scale Barding Armor |
| 27:58 | Build | Farm |
| 28:13 | Research | Forging |
| 28:44 | Create | Scout Cavalry |
| 28:44 | Create | Scout Cavalry |
| 28:44 | Create | Scout Cavalry |
| 29:12 | Create | Scout Cavalry |
| 29:12 | Create | Scout Cavalry |
| 29:12 | Create | Scout Cavalry |
| 32:52 | Research | Castle Age |
| 35:32 | Age | Castle Age |
| 40:43 | Build | Town Center |
| 43:08 | Build | Town Center |
| 43:11 | Create | Villager (Male) |
| 43:11 | Create | Villager (Male) |
Build order — WARLORD ID1
First 150 of 339 actions detected
| 0:32 | Build | Town Center |
| 1:38 | Build | House |
| 1:41 | Build | House |
| 2:42 | Build | House |
| 2:45 | Build | House |
| 2:51 | Create | Villager (Male) |
| 2:52 | Create | Villager (Male) |
| 2:52 | Create | Villager (Male) |
| 2:52 | Create | Villager (Male) |
| 2:52 | Create | Villager (Male) |
| 2:53 | Create | Villager (Male) |
| 2:53 | Research | Loom |
| 4:20 | Create | Villager (Male) |
| 4:54 | Create | Villager (Male) |
| 5:13 | Create | Villager (Male) |
| 6:04 | Create | Villager (Male) |
| 6:05 | Create | Villager (Male) |
| 7:01 | Create | Villager (Male) |
| 7:09 | Build | Mill |
| 8:07 | Create | Villager (Male) |
| 8:07 | Create | Villager (Male) |
| 8:07 | Create | Villager (Male) |
| 8:08 | Create | Villager (Male) |
| 9:19 | Create | Villager (Male) |
| 9:19 | Create | Villager (Male) |
| 9:20 | Create | Villager (Male) |
| 10:02 | Build | Lumber Camp |
| 10:52 | Create | Villager (Male) |
| 10:53 | Create | Villager (Male) |
| 11:57 | Build | Mill |
| 12:09 | Create | Villager (Male) |
| 12:49 | Build | Mill |
| 13:15 | Build | House |
| 13:18 | Build | House |
| 13:19 | Build | House |
| 13:20 | Build | House |
| 13:41 | Research | Feudal Age |
| 13:53 | Build | Lumber Camp |
| 14:09 | Build | Barracks |
| 15:38 | Create | Villager (Male) |
| 15:38 | Create | Villager (Male) |
| 15:39 | Create | Villager (Male) |
| 15:39 | Create | Villager (Male) |
| 15:40 | Create | Villager (Male) |
| 15:56 | Research | Double-Bit Axe |
| 18:05 | Build | Mining Camp |
| 18:14 | Build | Market |
| 18:24 | Build | Blacksmith |
| 18:29 | Create | Villager (Male) |
| 18:29 | Create | Villager (Male) |
| 18:31 | Create | Villager (Male) |
| 18:31 | Create | Villager (Male) |
| 18:32 | Create | Villager (Male) |
| 18:52 | Research | Horse Collar |
| 19:40 | Build | Farm |
| 19:43 | Build | Farm |
| 19:46 | Build | Farm |
| 19:51 | Build | Farm |
| 19:57 | Build | Farm |
| 20:04 | Build | Farm |
| 20:35 | Create | Villager (Male) |
| 20:36 | Create | Villager (Male) |
| 20:52 | Build | Farm |
| 20:53 | Build | Farm |
| 20:53 | Build | Farm |
| 20:53 | Build | Farm |
| 20:53 | Build | Farm |
| 20:53 | Build | Farm |
| 20:53 | Build | Farm |
| 20:53 | Build | Farm |
| 20:53 | Build | Farm |
| 20:53 | Build | Farm |
| 20:53 | Build | Farm |
| 20:53 | Build | Farm |
| 20:53 | Build | Farm |
| 20:53 | Build | Farm |
| 20:53 | Build | Farm |
| 20:53 | Build | Farm |
| 20:53 | Build | Farm |
| 20:53 | Build | Farm |
| 20:53 | Build | Farm |
| 20:53 | Build | Farm |
| 20:53 | Build | Farm |
| 20:53 | Build | Farm |
| 20:53 | Build | Farm |
| 20:53 | Build | Farm |
| 20:53 | Build | Farm |
| 20:53 | Build | Farm |
| 20:53 | Build | Farm |
| 20:53 | Build | Farm |
| 20:53 | Build | Farm |
| 20:53 | Build | Farm |
| 20:53 | Build | Farm |
| 20:54 | Build | Farm |
| 20:54 | Build | Farm |
| 20:54 | Build | Farm |
| 20:54 | Build | Farm |
| 20:54 | Build | Farm |
| 20:54 | Build | Farm |
| 20:54 | Build | Farm |
| 20:54 | Build | Farm |
| 20:54 | Build | Farm |
| 20:57 | Build | Farm |
| 20:57 | Build | Farm |
| 20:57 | Build | Farm |
| 20:57 | Build | Farm |
| 20:57 | Build | Farm |
| 20:57 | Build | Farm |
| 20:57 | Build | Farm |
| 20:57 | Build | Farm |
| 20:57 | Build | Farm |
| 20:57 | Build | Farm |
| 20:58 | Build | Farm |
| 20:58 | Build | Farm |
| 20:59 | Build | Farm |
| 20:59 | Build | Farm |
| 20:59 | Build | Farm |
| 20:59 | Build | Farm |
| 20:59 | Build | Farm |
| 20:59 | Build | Farm |
| 20:59 | Build | Farm |
| 20:59 | Build | Farm |
| 20:59 | Build | Farm |
| 20:59 | Build | Farm |
| 20:59 | Build | Farm |
| 20:59 | Build | Farm |
| 20:59 | Build | Farm |
| 20:59 | Build | Farm |
| 20:59 | Build | Farm |
| 21:01 | Build | Farm |
| 21:25 | Build | Farm |
| 21:42 | Build | Farm |
| 21:42 | Build | Farm |
| 22:30 | Research | Castle Age |
| 22:52 | Build | Stable |
| 23:02 | Research | Forging |
| 23:09 | Build | Stable |
| 23:53 | Research | Stone Mining |
| 23:55 | Research | Gold Mining |
| 24:13 | Create | Scout Cavalry |
| 24:33 | Create | Scout Cavalry |
| 25:01 | Create | Villager (Male) |
| 25:01 | Create | Villager (Male) |
| 25:04 | Create | Villager (Male) |
| 25:32 | Research | Bow Saw |
| 25:47 | Build | Town Center |
| 26:00 | Build | Town Center |
| 26:25 | Create | Villager (Male) |
| 26:27 | Create | Villager (Male) |
| 26:50 | Research | Light Cavalry (upgrade) |
Build order — NAPOLEON1096
0 actions detected in the replay
Build order — Vili-Pekka
145 actions detected in the replay
| 0:40 | Build | Town Center |
| 2:56 | Build | House |
| 3:06 | Create | Villager (Male) |
| 3:06 | Create | Villager (Male) |
| 3:06 | Create | Villager (Male) |
| 3:07 | Create | Villager (Male) |
| 3:07 | Create | Villager (Male) |
| 4:29 | Create | Villager (Male) |
| 4:30 | Create | Villager (Male) |
| 4:40 | Build | House |
| 5:21 | Build | Mill |
| 5:38 | Create | Villager (Male) |
| 5:38 | Create | Villager (Male) |
| 5:39 | Create | Villager (Male) |
| 6:15 | Create | Villager (Male) |
| 6:16 | Create | Villager (Male) |
| 7:24 | Create | Villager (Male) |
| 7:24 | Create | Villager (Male) |
| 7:54 | Build | House |
| 8:01 | Build | House |
| 8:39 | Create | Villager (Male) |
| 8:39 | Create | Villager (Male) |
| 8:39 | Create | Villager (Male) |
| 8:40 | Create | Villager (Male) |
| 8:40 | Create | Villager (Male) |
| 8:40 | Create | Villager (Male) |
| 10:19 | Create | Villager (Male) |
| 10:54 | Build | Barracks |
| 11:23 | Create | Villager (Male) |
| 11:23 | Create | Villager (Male) |
| 11:23 | Create | Villager (Male) |
| 11:58 | Build | House |
| 11:59 | Build | House |
| 12:26 | Create | Villager (Male) |
| 13:28 | Build | Mining Camp |
| 14:10 | Research | Feudal Age |
| 15:36 | Build | Mining Camp |
| 16:20 | Age | Feudal Age |
| 16:38 | Create | Villager (Male) |
| 16:38 | Create | Villager (Male) |
| 16:39 | Create | Villager (Male) |
| 16:39 | Create | Villager (Male) |
| 17:37 | Build | Stable |
| 17:51 | Build | Stable |
| 18:45 | Build | Blacksmith |
| 18:47 | Create | Scout Cavalry |
| 19:00 | Research | Horse Collar |
| 19:36 | Build | Stable |
| 19:47 | Research | Heavy Plow |
| 20:01 | Create | Scout Cavalry |
| 20:17 | Build | Farm |
| 20:45 | Build | Stable |
| 21:42 | Create | Villager (Male) |
| 21:42 | Create | Villager (Male) |
| 22:22 | Create | Villager (Male) |
| 23:55 | Research | Castle Age |
| 24:15 | Build | House |
| 24:16 | Build | House |
| 24:17 | Build | House |
| 24:35 | Build | Stable |
| 25:45 | Build | Stable |
| 25:55 | Build | House |
| 26:05 | Build | Lumber Camp |
| 26:25 | Build | House |
| 26:35 | Age | Castle Age |
| 26:51 | Build | Mining Camp |
| 26:55 | Research | Cavalier (upgrade) |
| 26:56 | Research | Husbandry |
| 27:05 | Create | Knight ×5 |
| 27:06 | Create | Knight |
| 27:06 | Create | Knight |
| 27:19 | Build | Monastery |
| 27:26 | Create | Villager (Male) |
| 27:26 | Create | Villager (Male) |
| 27:30 | Create | Villager (Male) |
| 27:30 | Create | Villager (Male) |
| 28:03 | Create | Monk |
| 28:04 | Create | Monk |
| 28:17 | Build | Market |
| 28:28 | Build | Farm |
| 28:31 | Build | Farm |
| 28:42 | Build | Town Center |
| 28:50 | Create | Knight ×2 |
| 28:50 | Create | Knight ×2 |
| 29:13 | Build | Mining Camp |
| 29:21 | Create | Villager (Male) |
| 29:22 | Create | Villager (Male) |
| 29:23 | Create | Villager (Male) |
| 29:26 | Research | Double-Bit Axe |
| 29:57 | Build | House |
| 29:58 | Build | House |
| 30:22 | Build | Farm |
| 30:30 | Build | Farm |
| 30:37 | Create | Trade Cart |
| 31:38 | Create | Trade Cart |
| 31:38 | Create | Trade Cart |
| 31:39 | Create | Trade Cart |
| 31:47 | Create | Villager (Male) |
| 31:48 | Create | Villager (Male) |
| 31:48 | Create | Villager (Male) |
| 31:48 | Create | Villager (Male) |
| 31:48 | Create | Villager (Male) |
| 31:49 | Create | Villager (Male) |
| 31:53 | Create | Villager (Male) |
| 31:53 | Create | Villager (Male) |
| 31:53 | Create | Villager (Male) |
| 31:54 | Create | Villager (Male) |
| 31:54 | Create | Villager (Male) |
| 31:54 | Create | Villager (Male) |
| 32:23 | Create | Knight |
| 32:24 | Create | Knight |
| 33:22 | Create | Knight |
| 33:22 | Create | Knight |
| 33:23 | Create | Knight |
| 33:40 | Build | Mining Camp |
| 33:44 | Create | Villager (Male) |
| 33:45 | Create | Villager (Male) |
| 33:45 | Create | Villager (Male) |
| 33:51 | Build | House |
| 33:54 | Build | House |
| 34:22 | Create | Knight ×2 |
| 34:22 | Create | Knight ×2 |
| 34:56 | Research | Scale Barding Armor |
| 35:12 | Build | Mill |
| 35:22 | Build | Mill |
| 35:56 | Create | Knight ×5 |
| 35:56 | Create | Knight ×5 |
| 35:56 | Create | Knight |
| 35:57 | Create | Knight |
| 36:07 | Build | Farm |
| 37:40 | Create | Knight |
| 37:40 | Create | Knight |
| 37:40 | Create | Knight |
| 37:41 | Create | Knight |
| 37:41 | Create | Knight |
| 37:41 | Create | Knight |
| 37:41 | Create | Knight |
| 37:56 | Create | Knight |
| 37:56 | Create | Knight |
| 37:56 | Create | Knight |
| 37:57 | Create | Knight |
| 40:35 | Build | University |
| 41:48 | Research | Imperial Age |
| 41:56 | Build | Castle |
| 43:47 | Build | Mining Camp |
Match timeline
| 0:01 | mace.windu1310 · resign |
| 10:54 | Vili-Pekka · first_building Barracks |
| 14:09 | WARLORD ID1 · first_building Barracks |
| 15:19 | julien315550 · first_building Barracks |
| 16:20 | Vili-Pekka · age_up feudal |
| 16:50 | julien315550 · age_up feudal |
| 17:37 | Vili-Pekka · first_building Stable |
| 18:50 | Lukrat · first_building Barracks |
| 20:56 | julien315550 · first_building Stable |
| 21:33 | WARLORD ID1 · first_market_sell 100 wood |
| 21:35 | WARLORD ID1 · first_market_buy 100 food |
| 22:21 | Lukrat · age_up feudal |
| 22:52 | WARLORD ID1 · first_building Stable |
| 23:36 | Lukrat · first_building Archery Range |
| 26:35 | Vili-Pekka · age_up castle |
| 27:19 | Vili-Pekka · first_building Monastery |
| 27:47 | WARLORD ID1 · first_building Castle |
| 27:57 | Lukrat · first_market_sell 100 wood |
| 27:59 | Lukrat · first_market_buy 100 food |
| 29:50 | WARLORD ID1 · first_building Monastery |
| 35:32 | julien315550 · age_up castle |
| 41:56 | Vili-Pekka · first_building Castle |
| 43:47 | Lukrat · age_up castle |
[ AI ANALYSIS · 1 CREDIT ]
What really happened in this match?
Wolo.gg analyzes every decision: build order, eco, micro, common mistakes by bracket. Personalized analysis on WhatsApp or Discord in 30 seconds.
Civ guide
Bohemians
Map guide
MegaRandom
Perfil
Jugador #2028621